Match 25687522
Unlisted

Match 25687522
End
Construct Barracks
Selects Special Operations Battlegroup
Riflemen Squad
Riflemen Squad
Construct Weapon Support Center
M1919 Machine Gun Team
Mechanized Support Center
Selects M29 Weasel with M1 Pack Howitzer
M29 Weasel with M1 Pack Howitzer
M1918 Browning Automatic Rifles
Construct Tank Depot
Designate Forward Repair Station
Rearm and Retrofit
Selects P-47 Anti-Infantry Loiter
Selects UNKNOWN (2162291)
M4A1 Sherman Whizbang
Bazooka Squad
Improved M9 Bazooka Rockets
Selects Raiding Flares
M4(105) Sherman Bulldozer
Selects SSF Commando Squad
P-47 Anti-Infantry Loiter
Selects Assault Operation
M18 Hellcat Tank Destroyer
Improvised Armor
Grenade Package
M18 Hellcat Tank Destroyer
M4A1 Sherman Medium Tank
Designate Forward Repair Station
M4A1 76mm Conversion
P-47 Anti-Infantry Loiter
M4A1(76) Sherman Medium Tank
Frog
BananaInPajamas
ConcernedApe
Sauzer88
0
0

Comments sign in to comment!

No comments posted yet!